 Dungeon Crawl Stone Soup version 0.20.0-10-g0535bb4 (webtiles) character file.

1320 nikopol the Cleaver (level 8, -3/70 HPs)
             Began as a Hill Orc Fighter on June 4, 2017.
             Killed from afar by tilp's ghost (17 damage)
             ... with a flame tongue
             ... on level 6 of the Dungeon.
             The game lasted 00:13:10 (5478 turns).

nikopol the Cleaver (Hill Orc Fighter)              Turns: 5478, Time: 00:13:11

Health: -3/70      AC: 10    Str: 21      XL:     8   Next: 59%
Magic:  8/8        EV:  8    Int:  8      God:
Gold:   272        SH: 10    Dex:  9 (10) Spells: 7/7 levels left

rFire    . . .     SeeInvis .   a - +0 war axe
rCold    . . .     Gourm    .   c - +0 shield
rNeg     . . .     Faith    .   b - +0 scale mail
rPois    .         Spirit   .   (no helmet)
rElec    .         Reflect  .   (no cloak)
rCorr    .         Harm     .   D - +0 pair of gloves
MR       .....                  s - +0 pair of boots
Stlth    ..........             (no amulet)
Regen    0.3/turn               (no ring)
MPRegen  0.2/turn               (no ring)

@: no status effects
A: no striking features
a: no special abilities


You were on level 6 of the Dungeon.
You were hungry.

You visited 1 branch of the dungeon, and saw 6 of its levels.
You also visited: Sewer.

You collected 272 gold pieces.

Inventory:

Hand Weapons
 a - a +0 war axe (weapon)
 p - a +1 vampiric hand axe
Armour
 b - a +0 scale mail (worn)
 c - a +0 shield (worn)
 s - a +0 pair of boots (worn)
 D - a +0 pair of gloves (worn)
Jewellery
 C - an uncursed ring of protection from magic {unknown}
 E - a +3 ring of intelligence {unknown}
Wands
 x - a wand of polymorph (18/24)
Scrolls
 e - 2 scrolls of identify
 j - 2 scrolls of amnesia
 l - a scroll of remove curse {unknown}
 r - a scroll of random uselessness {unknown}
 t - a scroll of blinking {unknown}
 w - a scroll of brand weapon {unknown}
 y - 4 scrolls of teleportation {unknown}
 B - a scroll of recharging {unknown}
Potions
 d - 2 potions of might
 g - a potion of lignification {unknown}
 h - 2 potions of curing
 i - 2 potions of invisibility
 k - a potion of resistance {unknown}
 m - 2 potions of brilliance
 o - a potion of magic {unknown}
 q - 3 potions of cancellation {unknown}
 u - 5 potions of heal wounds
 z - 2 potions of agility {unknown}
 A - a potion of flight {unknown}
Comestibles
 f - 2 bread rations
 v - 4 royal jellies


   Skills:
 + Level 5.7 Fighting
 + Level 8.6 Axes
 + Level 5.5 Armour
 + Level 2.0 Dodging
 + Level 0.8 Stealth
 + Level 6.2 Shields


You had 7 spell levels left.
You didn't know any spells.

Dungeon Overview and Level Annotations

Branches:
Dungeon (6/15)
 Temple: D:4-7

Altars:
Ashenzari
Nemelex Xobeh
The Shining One

Annotations:
D:2 Sigmund
D:6 tilp's ghost, novice DrFE


Message History

Tilp's ghost is moderately damaged.
Tilp's ghost hits you. Tilp's ghost freezes you.
You hit tilp's ghost.
Tilp's ghost is moderately damaged.
Tilp's ghost says, "I love the smell of burning flesh."
Tilp's ghost casts a spell at you. The puff of flame hits you!
You are too injured to fight recklessly!
You are too injured to fight recklessly!
Tilp's ghost gestures at you while chanting.
The puff of flame hits you!
There is a stone staircase leading up here.
You hit tilp's ghost.
Tilp's ghost is moderately damaged.
Tilp's ghost casts a spell at you. The puff of flame hits you!
* * * LOW HITPOINT WARNING * * *
Tilp's ghost gestures at you while chanting.
The flame tongue hits you!
You die...

#.. ##.# #####..#
#......#####
#..........### .
#............##
.####............##
....#.............###
................@...#
................W...#
##..................#
#.................##
#................##
#....#...........##
#.................##
#............####..##
########....## ##..##


You could see tilp's ghost.

Vanquished Creatures
  The ghost of Patate the Sneak, an amateur SpEn of Okawaru (D:3)
  An ice beast (D:5)
  A phantom (D:4)
  3 ogres (D:5)
  Blork the orc (D:5)
  2 bullfrogs (Sewer)
  A crimson imp (D:5)
  2 hounds
  2 quasits
  An orc priest (D:5)
  2 orc wizards
  Jessica (D:2)
  2 worker ants (D:6)
  10 adders
  8 oozes
  An adder skeleton (D:6)
  An adder zombie (D:5)
  A worm (D:2)
  A dart slug (D:1)
  13 leopard geckos
  12 orcs
  15 ball pythons
  13 giant cockroaches
  4 goblins
  7 hobgoblins
  5 jackals (D:3)
  7 bats
  19 frilled lizards
  A goblin zombie (D:5)
  3 hobgoblin zombies (D:5)
  6 kobolds
  2 kobold zombies (D:5)
  An orc skeleton (D:5)
  2 orc zombies (D:5)
  5 rats
157 creatures vanquished.

Notes
Turn   | Place    | Note
-------+----------+-------------------------------------------
     0 | D:1      | nikopol the Hill Orc Fighter began the quest for the Orb.
     0 | D:1      | Reached XP level 1. HP: 19/19 MP: 1/1
   293 | D:1      | Reached XP level 2. HP: 25/27 MP: 2/2
   729 | D:2      | Reached XP level 3. HP: 29/33 MP: 3/3
   905 | D:2      | Reached skill level 3 in Axes
   978 | D:2      | Found a sparkling altar of Nemelex Xobeh.
  1255 | D:2      | Noticed Sigmund
  1409 | D:2      | Noticed Jessica
  1413 | D:2      | Killed Jessica
  1413 | D:2      | Reached XP level 4. HP: 41/41 MP: 4/4
  1560 | D:3      | Found a glowing drain.
  1576 | Sewer    | Entered a sewer
  1605 | Sewer    | Reached skill level 4 in Axes
  1605 | Sewer    | Reached XP level 5. HP: 34/47 MP: 5/5
  2326 | Sewer    | Reached skill level 5 in Axes
  2326 | Sewer    | Reached skill level 5 in Shields
  2326 | Sewer    | Reached XP level 6. HP: 50/53 MP: 6/6
  2425 | D:3      | Found a shattered altar of Ashenzari.
  2454 | D:3      | Noticed Patate's ghost (amateur SpEn)
  2459 | D:3      | Reached skill level 1 in Dodging
  2477 | D:3      | HP: 1/55 [Patate's ghost (5)]
  2482 | D:3      | Killed Patate's ghost
  2482 | D:3      | Reached skill level 5 in Fighting
  2482 | D:3      | Reached skill level 6 in Axes
  2482 | D:3      | Reached XP level 7. HP: 2/61 MP: 7/7
  3941 | D:5      | Entered Level 5 of the Dungeon
  4073 | D:5      | Reached skill level 7 in Axes
  4073 | D:5      | Reached skill level 5 in Armour
  4073 | D:5      | Reached XP level 8. HP: 9/69 MP: 8/8
  4507 | D:5      | Found a glowing golden altar of the Shining One.
  4513 | D:5      | Reached skill level 8 in Axes
  4583 | D:5      | Noticed Blork the orc
  4595 | D:5      | Killed Blork the orc
  5104 | D:6      | Noticed tilp's ghost (novice DrFE)
  5478 | D:6      | Killed from afar by tilp's ghost

Skill      XL: |  1  2  3  4  5  6  7  8 |
---------------+-------------------------+-----
Shields        | 4 5 6 |  6.2
Fighting       | 4 5 |  5.7
Axes           | 3 4 5 6 7 8 |  8.6
Armour         | 4 5 |  5.5
Dodging        | 1 2 |  2.0
Stealth        | |  0.8

Action                   |  1- 3 |  4- 6 |  7- 9 || total
-------------------------+-------+-------+-------++-------
Melee: War axe           |   114 |   227 |   191 ||   532
  Use: Scroll            |       |     5 |     4 ||     9
  Eat: Chunk             |     2 |     4 |     9 ||    15
Armor: Scale mail        |    52 |   164 |    71 ||   287
Dodge: Dodged            |    31 |    99 |    64 ||   194
Block: Shield            |    59 |   181 |    84 ||   324
